 Dungeon Crawl Stone Soup version 0.30-a0-802-gb92711bcdf (webtiles) character file.

Game seed: 6498661047629431759

103 cforsyth the Sneak (level 5, 0/32 HPs)
             Began as a Kobold Brigand on Feb 23, 2023.
             Killed by nerve-wracking pain
             ... invoked by an orc priest
              (11 damage)
             ... on level 3 of the Dungeon.
             The game lasted 00:02:42 (2582 turns).

cforsyth the Sneak (Kobold Brigand)                 Turns: 2582, Time: 00:02:43

Health: 0/32       AC:  4    Str:  8    XL:     5   Next: 6%
Magic:  14/14      EV: 15    Int: 12    God:
Gold:   225        SH:  0    Dex: 19    Spells: 4/4 levels left

rFire   . . .      SeeInvis .    a - +2 dagger
rCold   . . .      Faith    .    (no shield)
rNeg    . . .      Spirit   .    b - +0 robe
rPois   .          Reflect  .    (no helmet)
rElec   .          Harm     .    c - +1 cloak
rCorr   .          Rampage  .    (no gloves)
Will    .....                    (no boots)
Stlth   ++++                     (no amulet)
HPRegen 0.25/turn                g - ring of magical power
MPRegen 0.14/turn                (no ring)

@: no status effects
A: small, no large weapons, nightstalker 3
a: no special abilities


You were on level 3 of the Dungeon.
You visited 1 branch of the dungeon, and saw 4 of its levels.

You collected 225 gold pieces.

Inventory:

Hand Weapons
 a - a +2 dagger (weapon)
Missiles
 d - 9 poisoned darts (quivered)
 e - 3 curare-tipped darts
 q - 6 atropa-tipped darts
Armour
 b - a +0 robe (worn)
 c - a +1 cloak (worn)
Jewellery
 g - a ring of magical power (left hand)
Scrolls
 f - a scroll of enchant armour
 k - 6 scrolls of identify {unknown}
 l - a scroll of silence {unknown}
 r - a scroll of acquirement {unknown}
 s - a scroll of noise {unknown}
Potions
 h - a potion of heal wounds {unknown}
 i - a potion of attraction {unknown}
 j - a potion of magic {unknown}
 m - a potion of mutation {unknown}
 n - a potion of flight {unknown}
 o - 3 potions of curing {unknown}


   Skills:
 + Level 3.1 Fighting
 + Level 3.9 Short Blades
 - Level 2.2 Throwing
 + Level 2.8 Dodging
 + Level 6.1 Stealth


You had 4 spell levels left.
You didn't know any spells.
Your spell library contained the following spells:

 Spells                   Type           Power      Damage    Failure   Level
 Freeze                   Ice            0%         1d3       32%         1
 Frozen Ramparts          Ice            0%         1d1       69%         3
 Hailstorm                Conj/Ice       0%         3d3       69%         3
 Stone Arrow              Conj/Erth      0%         3d7       69%         3
 Animate Armour           Summ/Erth      0%         N/A       97%         4
 Lehudib's Crystal Spear  Conj/Erth      0%         10d2      100%        8


Dungeon Overview and Level Annotations

Branches:
Dungeon (4/15)
 Temple: D:4-7

Altars:

Annotations:
D:3 2 transporters, librariansheart's ghost, amateur GnRe


Innate Abilities, Weirdness & Mutations

You are small and have problems with some larger weapons.
You are completely attuned to the shadows.


Message History

The orc priest attacks as you move away!
The orc priest misses you.
There is a stone staircase leading up here.
The orc hits you with a +0 short sword.
The orc priest hits you with a +0 war axe!
You climb upwards.
Level annotation: 2 transporters, librariansheart's ghost, amateur GnRe
There is a stone staircase leading down here.
The orc priest hits you with a +0 war axe.
Unknown command.
The orc priest attacks as you move away!
The orc priest hits you with a +0 war axe!
The orc attacks as you move away! The orc hits you with a +0 short sword.
* * * LOW HITPOINT WARNING * * *
You hit the orc.
The orc is heavily wounded.
The orc closely misses you.
The orc priest calls upon Beogh to heal the orc.
The orc's wounds heal themselves!
You hit the orc.
The orc is heavily wounded.
The orc misses you.
You hit the orc.
The orc is severely wounded.
The orc misses you.
You hit the orc.
You kill the orc!
The orc priest looks satisfied for a moment.
The orc priest barely misses you.
You see here a +0 short sword.
You hit the orc priest.
The orc priest is moderately wounded.
You hit the orc priest.
The orc priest is heavily wounded.
The orc priest barely misses you.
You hit the orc priest but do no damage.
The orc priest is heavily wounded.
The orc priest invokes the aid of Beogh against you.
Pain shoots through your body!
You die...

####.).......##.# #.#
..........##..#.# #.#
..........###.#.# #.#
..........#.....# #.#
.#######.##.....# #.# .#
#.##.....# #.#
.#######.##.....# #.#
.........##.....######.#
###############o@......#
##### ########## ....#
....# ....# ....# ....#
....# ....#


You could see an orc priest.

Vanquished Creatures
  4 adders
  2 worms (D:2)
  3 orcs
  2 endoplasms
  A giant cockroach (D:1)
  3 hobgoblins
  3 quokkas (D:2)
  5 ball pythons
  6 bats
  3 frilled lizards
  9 goblins
  12 kobolds
  8 rats
61 creatures vanquished.

Notes
Turn   | Place    | Note
-------+----------+-------------------------------------------
     0 | D:1      | cforsyth the Kobold Brigand began the quest for the Orb.
     0 | D:1      | Reached XP level 1. HP: 12/12 MP: 1/1
   341 | D:1      | Reached XP level 2. HP: 18/18 MP: 2/2
   609 | D:1      | Reached XP level 3. HP: 19/22 MP: 3/3
  1269 | D:2      | Reached XP level 4. HP: 27/27 MP: 4/4
  1761 | D:3      | Found a transporter.
  1794 | D:3      | Reached skill level 6 in Stealth
  1976 | D:3      | Found a transporter.
  1976 | D:3      | Noticed librariansheart's ghost (amateur GnRe)
  1977 | D:3      | Noticed a scorpion
  2125 | D:3      | Noticed a necrophage
  2363 | D:3      | Reached XP level 5. HP: 30/31 MP: 5/5
  2582 | D:3      | Killed from afar by an orc priest

Illustrated notes

Levels and vault maps discovered:
D:1:      dpeg_arrival_prison, layout_rooms, hangedman_decor_push,
          minmay_pentomino_q4
D:2:      layout_loops_ring
D:3:      layout_basic, gammafunk_ghost_arena
D:4:      layout_cave_pools, serial_rivers, chequers_serial_rivers_small_a,
          chequers_serial_rivers_micro_e, chequers_serial_rivers_micro_a,
          chequers_serial_rivers_micro_d, serial_shops, shop_fountains,
          roderic_lattice_a, uniq_edmund, uniq_ijyb, uniq_natasha

Skill      XL: |  1  2  3  4 |
---------------+-------------+-----
Short Blades   | 3 |  3.9
Dodging        | 2 |  2.8
Fighting       | 3 |  3.1
Stealth        | 6 |  6.1
Throwing       | |  2.2

Action                     |  1- 3 |  4- 6 || total
---------------------------+-------+-------++-------
  Melee: Dagger            |    93 |    84 ||   177
         Punch             |       |     2 ||     2
    Use: Scroll            |       |     4 ||     4
   Stab: Sleeping          |    10 |    13 ||    23
 Armour: Robe              |    12 |     5 ||    17
  Dodge: Dodged            |    50 |    37 ||    87

Table legend: (Time is in decaauts)
 A = Elapsed time spent in this place.
 B = Non-inter-level travel time spent in this place.
 C = Inter-level travel time spent in this place.
 D = Time resting spent in this place.
 E = Time spent auto-exploring this place.
 F = Levels seen in this place.
 G = Mean time per level.
                   A        B        C        D        E       F      G
               +--------+--------+--------+--------+--------+-----+--------+
         Total |   2551 |   2469 |     82 |      0 |   2094 |   4 |  637.8 |
       Dungeon |   2551 |   2469 |     82 |      0 |   2094 |   4 |  637.8 |
               +--------+--------+--------+--------+--------+-----+--------+

Top non-repeatable levels by time:
     D:3: 903 daAuts
     D:1: 847 daAuts
     D:2: 790 daAuts
     D:4: 10 daAuts
